[ AOE2 MATCH · #513476807 ]
UnrankedVikings vs Bulgarians
Player's team · LOSS
[ REPLAY ANALYSIS · EXTRACTED FROM THE RECORDED GAME ]
Feudal
13:39
Castle
20:40
Imperial
—
| APM avg | 56.4 |
| APM peak | 84 |
| eAPM avg | 26.3 |
| Villagers / military | 56 / 15 |
Focus
⚔️ 36.3% · 🌾 63.7%
Archer ×9 · Militia ×5 · Knight ×1
Feudal
9:44
Castle
19:54
Imperial
—
| APM avg | 70.9 |
| APM peak | 116 |
| eAPM avg | 25.7 |
| Villagers / military | 49 / 15 |
Focus
⚔️ 31.1% · 🌾 68.9%
Skirmisher ×11 · Militia ×3 · Cavalry Archer ×1
Match map
Initial resources + every placement click. Lines = walls · curves = elevation contours. ◆ gold · ⬟ stone · ● berries · ✦ relic · ◌ wall gap
Your base· ✓ Closed at 20:40 · 47t walls · no gate
Nezzar's base· ✓ Closed at 19:54 · 33t walls · no gate
Smoothed initial terrain · ◌ = detected wall gap · hover for details
Inputs per minute
— Nyx - - Nezzar
Build order — Nyx
143 actions detected in the replay
| 0:00 | Queue | Villager (Male) |
| 0:00 | Queue | Villager (Male) |
| 0:01 | Queue | Villager (Male) |
| 0:02 | Build | House |
| 0:02 | Build | House |
| 0:07 | Queue | Villager (Male) |
| 0:07 | Queue | Villager (Male) |
| 1:08 | Queue | Villager (Male) |
| 1:08 | Queue | Villager (Male) |
| 1:08 | Queue | Villager (Male) |
| 1:59 | Queue | Villager (Male) |
| 2:00 | Queue | Villager (Male) |
| 2:00 | Queue | Villager (Male) |
| 2:11 | Build | House |
| 2:26 | Queue | Villager (Male) |
| 2:46 | Queue | Villager (Male) |
| 2:47 | Queue | Villager (Male) |
| 2:47 | Queue | Villager (Male) |
| 3:00 | Build | Barracks |
| 3:15 | Queue | Villager (Male) |
| 3:15 | Queue | Villager (Male) |
| 3:15 | Queue | Villager (Male) |
| 3:25 | Build | House |
| 3:34 | Queue | Villager (Male) |
| 3:53 | Build | House |
| 3:54 | Build | Palisade Wall |
| 4:00 | Queue | Militia |
| 4:08 | Queue | Villager (Male) |
| 4:08 | Queue | Villager (Male) |
| 4:09 | Queue | Villager (Male) |
| 4:31 | Queue | Villager (Male) |
| 4:31 | Queue | Villager (Male) |
| 4:31 | Queue | Villager (Male) |
| 4:36 | Build | Palisade Wall |
| 4:49 | Queue | Militia |
| 4:59 | Queue | Villager (Male) |
| 5:00 | Queue | Villager (Male) |
| 5:00 | Queue | Villager (Male) |
| 5:21 | Queue | Villager (Male) |
| 5:23 | Queue | Villager (Male) |
| 5:23 | Queue | Militia |
| 5:28 | Build | Lumber Camp |
| 5:30 | Queue | Militia |
| 5:31 | Queue | Militia |
| 5:52 | Queue | Villager (Male) |
| 5:52 | Queue | Villager (Male) |
| 5:52 | Queue | Villager (Male) |
| 6:32 | Queue | Villager (Male) |
| 6:52 | Build | Mill |
| 6:59 | Queue | Villager (Male) |
| 7:16 | Queue | Villager (Male) |
| 7:23 | Research | Loom |
| 7:24 | Build | House |
| 7:39 | Queue | Villager (Male) |
| 7:39 | Queue | Villager (Male) |
| 7:57 | Build | Palisade Wall |
| 7:58 | Build | Palisade Wall |
| 7:59 | Build | Palisade Wall |
| 8:05 | Queue | Villager (Male) |
| 8:25 | Build | Palisade Wall |
| 8:28 | Build | Palisade Wall |
| 8:32 | Build | Palisade Wall |
| 8:52 | Build | Mining Camp |
| 9:13 | Queue | Villager (Male) |
| 9:22 | Build | Mill |
| 9:37 | Queue | Villager (Male) |
| 9:49 | Build | House |
| 9:59 | Queue | Villager (Male) |
| 10:01 | Build | Farm |
| 10:03 | Build | Farm |
| 10:04 | Build | Farm |
| 10:05 | Build | Palisade Wall |
| 10:06 | Build | Palisade Wall |
| 10:35 | Build | Farm |
| 10:39 | Queue | Villager (Male) |
| 10:53 | Build | Palisade Wall |
| 11:29 | Research | Feudal Age |
| 11:29 | Research | Feudal Age |
| 11:29 | Research | Feudal Age |
| 11:37 | Build | Palisade Wall |
| 12:10 | Build | Palisade Wall |
| 12:11 | Build | Palisade Wall |
| 12:12 | Build | Palisade Wall |
| 12:13 | Build | Palisade Wall |
| 12:33 | Build | Farm |
| 12:35 | Build | Farm |
| 12:35 | Build | Farm |
| 12:48 | Build | Palisade Wall |
| 12:48 | Build | Palisade Wall |
| 12:49 | Build | Palisade Wall |
| 12:54 | Queue | Villager (Male) |
| 12:59 | Build | Farm |
| 13:39 | Age | Feudal Age |
| 13:43 | Build | Archery Range |
| 13:44 | Research | Double-Bit Axe |
| 13:56 | Queue | Villager (Male) |
| 14:18 | Queue | Villager (Male) |
| 14:23 | Queue | Archer |
| 14:43 | Build | Farm |
| 14:45 | Build | Farm |
| 14:45 | Build | Farm |
| 14:49 | Queue | Villager (Male) |
| 14:54 | Queue | Archer |
| 15:06 | Build | Farm |
| 15:13 | Queue | Villager (Male) |
| 15:29 | Queue | Archer |
| 15:41 | Queue | Villager (Male) |
| 15:44 | Build | Archery Range |
| 16:09 | Queue | Villager (Male) |
| 16:09 | Queue | Archer |
| 16:14 | Build | House |
| 16:16 | Build | House |
| 16:37 | Queue | Villager (Male) |
| 17:07 | Queue | Archer |
| 17:08 | Queue | Archer |
| 17:08 | Queue | Villager (Male) |
| 17:12 | Build | Lumber Camp |
| 17:26 | Build | Blacksmith |
| 17:33 | Build | Palisade Wall |
| 17:35 | Queue | Villager (Male) |
| 17:36 | Queue | Villager (Male) |
| 17:58 | Research | Castle Age |
| 18:41 | Queue | Archer |
| 18:45 | Research | Gold Mining |
| 18:46 | Research | Horse Collar |
| 18:52 | Build | Farm |
| 18:58 | Build | Farm |
| 19:02 | Queue | Archer |
| 19:28 | Queue | Archer |
| 19:37 | Research | Fletching |
| 19:54 | Queue | Villager (Male) |
| 20:20 | Build | Stable |
| 20:22 | Build | Stable |
| 20:40 | Age | Castle Age |
| 20:45 | Research | Crossbowman (upgrade) |
| 20:45 | Research | Bodkin Arrow |
| 20:47 | Queue | Villager (Male) |
| 20:56 | Build | House |
| 21:14 | Build | Farm |
| 21:14 | Build | Farm |
| 21:17 | Build | Farm |
| 21:18 | Build | Farm |
| 21:23 | Queue | Knight |
Build order — Nezzar
129 actions detected in the replay
| 0:01 | Queue | Villager (Male) |
| 0:02 | Build | House |
| 0:02 | Build | House |
| 0:10 | Queue | Villager (Male) |
| 0:11 | Queue | Villager (Male) |
| 0:11 | Queue | Villager (Male) |
| 1:29 | Queue | Villager (Male) |
| 1:52 | Queue | Villager (Male) |
| 1:55 | Build | Lumber Camp |
| 2:23 | Queue | Villager (Male) |
| 2:49 | Queue | Villager (Male) |
| 3:13 | Queue | Villager (Male) |
| 3:13 | Queue | Villager (Male) |
| 3:44 | Queue | Villager (Male) |
| 3:45 | Queue | Villager (Male) |
| 3:53 | Build | House |
| 4:03 | Queue | Villager (Male) |
| 4:13 | Build | Palisade Wall |
| 4:16 | Build | Palisade Wall |
| 4:17 | Build | Palisade Wall |
| 4:18 | Build | Palisade Wall |
| 4:24 | Queue | Villager (Male) |
| 4:24 | Queue | Villager (Male) |
| 4:55 | Build | Barracks |
| 5:19 | Queue | Villager (Male) |
| 5:19 | Queue | Villager (Male) |
| 5:19 | Queue | Villager (Male) |
| 5:20 | Queue | Villager (Male) |
| 5:40 | Build | House |
| 5:44 | Research | Loom |
| 6:40 | Build | Mill |
| 7:06 | Queue | Villager (Male) |
| 7:10 | Build | Palisade Wall |
| 7:11 | Build | Palisade Wall |
| 7:15 | Build | Palisade Wall |
| 7:18 | Build | Palisade Wall |
| 7:20 | Build | Palisade Wall |
| 7:34 | Research | Feudal Age |
| 7:54 | Queue | Militia |
| 8:04 | Build | Farm |
| 8:05 | Build | Farm |
| 8:08 | Queue | Militia |
| 8:13 | Build | Palisade Wall |
| 8:20 | Build | Farm |
| 8:24 | Build | House |
| 8:33 | Queue | Militia |
| 8:51 | Build | Palisade Wall |
| 9:10 | Queue | Villager (Male) |
| 9:15 | Build | House |
| 9:44 | Age | Feudal Age |
| 9:46 | Build | Archery Range |
| 9:50 | Queue | Villager (Male) |
| 10:00 | Research | Double-Bit Axe |
| 10:02 | Queue | Villager (Male) |
| 10:32 | Queue | Villager (Male) |
| 10:34 | Queue | Skirmisher |
| 10:40 | Build | Farm |
| 10:44 | Build | Farm |
| 11:00 | Queue | Skirmisher |
| 11:14 | Build | Farm |
| 11:20 | Queue | Villager (Male) |
| 11:32 | Queue | Villager (Male) |
| 11:46 | Build | Farm |
| 11:56 | Build | Mill |
| 12:07 | Queue | Villager (Male) |
| 12:22 | Build | House |
| 12:26 | Queue | Skirmisher |
| 12:30 | Queue | Villager (Male) |
| 12:43 | Research | Horse Collar |
| 12:43 | Research | Horse Collar |
| 12:48 | Build | Palisade Wall |
| 12:52 | Queue | Villager (Male) |
| 13:02 | Queue | Villager (Male) |
| 13:15 | Build | House |
| 13:17 | Build | Palisade Wall |
| 13:18 | Build | Palisade Wall |
| 13:32 | Build | Farm |
| 13:34 | Build | Farm |
| 13:35 | Queue | Villager (Male) |
| 13:45 | Queue | Villager (Male) |
| 13:54 | Build | Farm |
| 13:54 | Queue | Villager (Male) |
| 13:57 | Build | Farm |
| 13:59 | Queue | Villager (Male) |
| 14:15 | Queue | Villager (Male) |
| 14:26 | Build | Farm |
| 14:31 | Research | Wheelbarrow |
| 14:48 | Queue | Skirmisher |
| 14:58 | Build | Mining Camp |
| 15:11 | Build | Palisade Wall |
| 15:12 | Queue | Villager (Male) |
| 15:26 | Build | House |
| 15:27 | Build | Palisade Wall |
| 15:33 | Queue | Villager (Male) |
| 15:40 | Queue | Villager (Male) |
| 15:56 | Queue | Villager (Male) |
| 16:23 | Build | Palisade Wall |
| 16:26 | Build | Blacksmith |
| 16:32 | Queue | Skirmisher |
| 16:47 | Queue | Villager (Male) |
| 16:50 | Build | House |
| 16:52 | Build | Palisade Wall |
| 16:59 | Queue | Skirmisher |
| 17:11 | Research | Castle Age |
| 17:20 | Queue | Skirmisher |
| 17:32 | Research | Gold Mining |
| 17:37 | Research | Padded Archer Armor |
| 17:38 | Research | Padded Archer Armor |
| 17:57 | Queue | Skirmisher |
| 18:08 | Queue | Skirmisher |
| 18:10 | Build | House |
| 18:28 | Build | Farm |
| 18:32 | Queue | Skirmisher |
| 18:46 | Queue | Villager (Male) |
| 19:07 | Research | Fletching |
| 19:17 | Queue | Skirmisher |
| 19:25 | Queue | Villager (Male) |
| 19:35 | Queue | Villager (Male) |
| 19:54 | Age | Castle Age |
| 19:55 | Research | Bodkin Arrow |
| 19:57 | Build | Town Center |
| 20:04 | Queue | Villager (Male) |
| 20:06 | Research | Bow Saw |
| 20:18 | Queue | Villager (Male) |
| 20:32 | Queue | Villager (Male) |
| 21:02 | Queue | Villager (Male) |
| 21:11 | Queue | Cavalry Archer |
| 21:14 | Queue | Villager (Male) |
| 21:21 | Queue | Villager (Male) |
Match timeline
| 3:00 | Nyx · first_building Barracks |
| 3:54 | Nyx · wall_segment Palisade Wall x1 |
| 4:13 | Nezzar · wall_segment Palisade Wall x1 |
| 4:16 | Nezzar · wall_segment Palisade Wall x1 |
| 4:17 | Nezzar · wall_segment Palisade Wall x1 |
| 4:18 | Nezzar · wall_segment Palisade Wall x1 |
| 4:36 | Nyx · wall_segment Palisade Wall x1 |
| 4:55 | Nezzar · first_building Barracks |
| 7:10 | Nezzar · wall_segment Palisade Wall x1 |
| 7:11 | Nezzar · wall_segment Palisade Wall x1 |
| 7:15 | Nezzar · wall_segment Palisade Wall x1 |
| 7:18 | Nezzar · wall_segment Palisade Wall x1 |
| 7:20 | Nezzar · wall_segment Palisade Wall x1 |
| 7:57 | Nyx · wall_segment Palisade Wall x7 |
| 7:58 | Nyx · wall_segment Palisade Wall x2 |
| 7:59 | Nyx · wall_segment Palisade Wall x3 |
| 8:13 | Nezzar · wall_segment Palisade Wall x1 |
| 8:25 | Nyx · wall_segment Palisade Wall x7 |
| 8:28 | Nyx · wall_segment Palisade Wall x12 |
| 8:32 | Nyx · wall_segment Palisade Wall x7 |
| 8:51 | Nezzar · wall_segment Palisade Wall x4 |
| 9:44 | Nezzar · age_up feudal |
| 9:46 | Nezzar · first_building Archery Range |
| 10:05 | Nyx · wall_segment Palisade Wall x1 |
| 10:06 | Nyx · wall_segment Palisade Wall x1 |
| 10:53 | Nyx · wall_segment Palisade Wall x1 |
| 11:37 | Nyx · wall_segment Palisade Wall x1 |
| 12:10 | Nyx · wall_segment Palisade Wall x1 |
| 12:11 | Nyx · wall_segment Palisade Wall x1 |
| 12:12 | Nyx · wall_segment Palisade Wall x1 |
| 12:13 | Nyx · wall_segment Palisade Wall x1 |
| 12:48 | Nyx · wall_segment Palisade Wall x1 |
| 12:48 | Nezzar · wall_segment Palisade Wall x2 |
| 12:48 | Nyx · wall_segment Palisade Wall x1 |
| 12:49 | Nyx · wall_segment Palisade Wall x1 |
| 13:17 | Nezzar · wall_segment Palisade Wall x3 |
| 13:18 | Nezzar · wall_segment Palisade Wall x7 |
| 13:39 | Nyx · age_up feudal |
| 13:43 | Nyx · first_building Archery Range |
| 15:11 | Nezzar · wall_segment Palisade Wall x1 |
| 15:27 | Nezzar · wall_segment Palisade Wall x4 |
| 16:23 | Nezzar · wall_segment Palisade Wall x1 |
| 16:52 | Nezzar · wall_segment Palisade Wall x3 |
| 17:33 | Nyx · wall_segment Palisade Wall x1 |
| 19:54 | Nezzar · age_up castle |
| 20:20 | Nyx · first_building Stable |
| 20:40 | Nyx · age_up castle |
| 21:25 | Nyx · resign |
[ AI ANALYSIS · 1 CREDIT ]
What really happened in this match?
Wolo.gg analyzes every decision: build order, eco, micro, common mistakes by bracket. Personalized analysis on WhatsApp or Discord in 30 seconds.
Civ guide
Vikings
Perfil
Jugador #5330675